[Event "GambitGuide"]
[Site "Internet Chess Club"]
[Date "2014.10.31"]
[Round "1"]
[White "JSBach"]
[Black "superpuma"]
[Result "0-1"]
[ICCResult "White checkmated"]
[WhiteElo "1668"]
[BlackElo "2046"]
[Opening "Vienna: `Frankenstein-Dracula' variation"]
[ECO "C27"]
[NIC "VG.02"]
[Time "07:15:04"]
[TimeControl "120+12"]

1. e4 e5 2. Nc3 Nf6 3. Bc4 Nxe4 4. Qh5 Nd6 5. Bb3 Nc6 6. Nb5 g6 7. Qf3 f5 8.
Qd5 Qe7 9. Nxc7+ Kd8 10. Nxa8 b6 11. d3 Bb7 12. Nxb6 axb6 13. Qf3 Bg7 14.
Qg3 f4 15. Qg4 e4 16. Kf1 exd3 17. cxd3 Ba6 18. Qf3 Kc7 19. Bxf4 Re8 20. Rc1
Bxb2 21. Rb1 Be5 22. Re1 Qg7 23. Nh3 h6 24. Rc1 g5 25. Bxe5 Qxe5 26. Qd1 Qd4
27. Bc2 Ne4 28. Kg1 Nc3 29. Qh5 Ne2+ 30. Kf1 Nxc1 31. Qxe8 Bxd3+ 32. Bxd3
Qxd3+ 33. Ke1 Qc3+ 34. Kd1 Nxa2 35. Rg1 Qd3+ 36. Ke1 Nc3 37. Qh5 Nd4 38. f4
Nc2+ 39. Kf2 Qe3+ 40. Kf1 Qe1# {White checkmated} 0-1

[Event "GambitGuide"]
[Site "Internet Chess Club"]
[Date "2014.10.31"]
[Round "1"]
[White "JSBach"]
[Black "TwoEqualsOne"]
[Result "1-0"]
[ICCResult "Black checkmated"]
[WhiteElo "1668"]
[BlackElo "1455"]
[Opening "Vienna: `Frankenstein-Dracula' variation"]
[ECO "C27"]
[NIC "VG.02"]
[Time "07:18:20"]
[TimeControl "120+12"]

1. e4 e5 2. Nc3 Nf6 3. Bc4 Nxe4 4. Qh5 Nd6 5. Bb3 Nc6 6. Nb5 g6 7. Qf3 f5 8.
Qd5 Qe7 9. Nxc7+ Kd8 10. Nxa8 b6 11. d3 Bb7 12. Nxb6 axb6 13. Qf3 Nd4 14.
Qg3 Nxb3 15. axb3 f4 16. Qg4 Nf5 17. Ra7 Kc7 18. Qf3 e4 19. dxe4 Nd4 20. Qd3
Bg7 21. Bxf4+ d6 22. b4 Kb8 23. Ra1 Bxe4 24. Bxd6+ Qxd6 25. Qxe4 Qxb4+ 26.
c3 Qxb2 27. Ra8+ Kc7 28. Ra7+ Kb8 29. Qb7# {Black checkmated} 1-0

[Event "GambitGuide"]
[Site "Internet Chess Club"]
[Date "2014.10.31"]
[Round "1"]
[White "JSBach"]
[Black "Horizonteffekt"]
[Result "1-0"]
[ICCResult "Black checkmated"]
[WhiteElo "1668"]
[BlackElo "1400"]
[Opening "Vienna: `Frankenstein-Dracula' variation"]
[ECO "C27"]
[NIC "VG.02"]
[Time "07:20:02"]
[TimeControl "120+12"]

1. e4 e5 2. Nc3 Nf6 3. Bc4 Nxe4 4. Qh5 Nd6 5. Bb3 Nc6 6. Nb5 g6 7. Qf3 f5 8.
Qd5 Qe7 9. Nxc7+ Kd8 10. Nxa8 b6 11. d3 Bb7 12. Nxb6 axb6 13. Qf3 Bg7 14.
Be3 Nd4 15. Qh3 Nxb3 16. Bxb6+ Kc8 17. axb3 e4 18. d4 f4 19. Qc3+ Kb8 20.
Qc7# {Black checkmated} 1-0

[Event "GambitGuide"]
[Site "Internet Chess Club"]
[Date "2014.10.31"]
[Round "1"]
[White "JSBach"]
[Black "TwoEqualsOne"]
[Result "1-0"]
[ICCResult "Black resigns"]
[WhiteElo "1668"]
[BlackElo "1455"]
[Opening "Vienna: `Frankenstein-Dracula' variation"]
[ECO "C27"]
[NIC "VG.02"]
[Time "07:20:15"]
[TimeControl "120+12"]

1. e4 e5 2. Nc3 Nf6 3. Bc4 Nxe4 4. Qh5 Nd6 5. Bb3 Nc6 6. Nb5 g6 7. Qf3 f5 8.
Qd5 Qe7 9. Nxc7+ Kd8 10. Nxa8 b6 11. d3 Bb7 12. Nxb6 axb6 13. Qf3 Nd4 14.
Qg3 Nxb3 15. axb3 Nb5 16. Bg5 {Black resigns} 1-0

[Event "GambitGuide"]
[Site "Internet Chess Club"]
[Date "2014.10.31"]
[Round "1"]
[White "JSBach"]
[Black "Fifo25"]
[Result "1-0"]
[ICCResult "Black resigns"]
[WhiteElo "1668"]
[BlackElo "1509"]
[Opening "Vienna: `Frankenstein-Dracula' variation"]
[ECO "C27"]
[NIC "VG.02"]
[Time "07:20:15"]
[TimeControl "120+12"]

1. e4 e5 2. Nc3 Nf6 3. Bc4 Nxe4 4. Qh5 Nd6 5. Bb3 Nc6 6. Nb5 g6 7. Qf3 f5 8.
Qd5 Qe7 9. Nxc7+ Kd8 10. Nxa8 b6 11. d3 Bb7 12. Nxb6 axb6 13. Qf3 e4 14. Qe3
h6 15. Qxb6+ Kc8 16. Be3 exd3 17. O-O-O d2+ 18. Rxd2 Ne4 19. Bf4 d6 20. Rd1
g5 21. Bd5 Qc7 22. Qxc7+ Kxc7 23. Be3 Bg7 24. f3 Nf6 25. Bf7 Ra8 26. h4 g4
27. Bf4 Bf8 28. Re1 Nd4 29. Rd1 Nb5 30. c4 {Black resigns} 1-0

[Event "GambitGuide"]
[Site "Internet Chess Club"]
[Date "2014.10.31"]
[Round "1"]
[White "JSBach"]
[Black "PhilHarmonic"]
[Result "1-0"]
[ICCResult "Black checkmated"]
[WhiteElo "1668"]
[BlackElo "1391"]
[Opening "Vienna: `Frankenstein-Dracula' variation"]
[ECO "C27"]
[NIC "VG.02"]
[Time "07:21:30"]
[TimeControl "120+12"]

1. e4 e5 2. Nc3 Nf6 3. Bc4 Nxe4 4. Qh5 Nd6 5. Bb3 Nc6 6. Nb5 g6 7. Qf3 f5 8.
Qd5 Qe7 9. Nxc7+ Kd8 10. Nxa8 b6 11. d3 Nd4 12. h4 Bb7 13. Bg5 Qxg5 14. Qxb7
Qf6 15. Qxa7 Bg7 16. Nxb6 Qe7 17. Qb8+ Nc8 18. Qxc8# {Black checkmated} 1-0

[Event "GambitGuide"]
[Site "Internet Chess Club"]
[Date "2014.10.31"]
[Round "1"]
[White "JSBach"]
[Black "Alturia7"]
[Result "1-0"]
[ICCResult "Black resigns"]
[WhiteElo "1668"]
[BlackElo "2401"]
[Opening "Vienna: `Frankenstein-Dracula' variation"]
[ECO "C27"]
[NIC "VG.02"]
[Time "07:18:01"]
[TimeControl "120+12"]

1. e4 e5 2. Nc3 Nf6 3. Bc4 Nxe4 4. Qh5 Nd6 5. Bb3 Nc6 6. Nb5 g6 7. Qf3 f5 8.
Qd5 Qe7 9. Nxc7+ Kd8 10. Nxa8 b6 11. d3 Bb7 12. Nxb6 axb6 13. Qf3 e4 14.
dxe4 Nd4 15. Qg3 Qxe4+ 16. Be3 Nxb3 17. cxb3 Qxg2 18. Bxb6+ Ke8 19. Qe5+ Kf7
20. Qxh8 Qe4+ 21. Kd1 Qxh1 22. Qxh7+ Bg7 23. f4 Qd5+ 24. Ke1 Qe4+ 25. Kf2
Qxf4+ 26. Ke1 Qe5+ 27. Kd1 Qb5 28. Ne2 Qxb6 29. Rc1 Qe3 30. Rc7 Bc6 31. Nc3
Ne8 32. Rc8 Bf3+ 33. Kc2 Qf2+ 34. Kc1 Qe1+ 35. Kc2 Nf6 36. Qh3 Qf2+ 37. Kb1
Ne4 38. Qh7 Nd2+ 39. Kc1 {Black resigns} 1-0

[Event "GambitGuide"]
[Site "Internet Chess Club"]
[Date "2014.10.31"]
[Round "1"]
[White "JSBach"]
[Black "ZacAmata"]
[Result "1-0"]
[ICCResult "Black resigns"]
[WhiteElo "1668"]
[BlackElo "1317"]
[Opening "Vienna: `Frankenstein-Dracula' variation"]
[ECO "C27"]
[NIC "VG.02"]
[Time "07:21:03"]
[TimeControl "120+12"]

1. e4 e5 2. Nc3 Nf6 3. Bc4 Nxe4 4. Qh5 Nd6 5. Bb3 Nc6 6. Nb5 g6 7. Qf3 f5 8.
Qd5 Qe7 9. Nxc7+ Kd8 10. Nxa8 b6 11. d3 Bb7 12. Nxb6 Nb4 13. Qa5 Nc6 14. Qc5
axb6 15. Qxb6+ Ke8 16. Bd5 e4 17. dxe4 Nxe4 18. Be3 Nxf2 19. Kxf2 f4 20.
Bxf4 Bg7 21. Re1 Ne5 22. Qxb7 Ng4+ 23. Kf1 {Black resigns} 1-0

[Event "GambitGuide"]
[Site "Internet Chess Club"]
[Date "2014.10.31"]
[Round "1"]
[White "JSBach"]
[Black "STOY012"]
[Result "1-0"]
[ICCResult "Black resigns"]
[WhiteElo "1668"]
[BlackElo "1636"]
[Opening "Vienna: `Frankenstein-Dracula' variation"]
[ECO "C27"]
[NIC "VG.02"]
[Time "07:22:48"]
[TimeControl "120+12"]

1. e4 e5 2. Nc3 Nf6 3. Bc4 Nxe4 4. Qh5 Nd6 5. Bb3 Nc6 6. Nb5 g6 7. Qf3 f5 8.
Qd5 Qe7 9. Nxc7+ Kd8 10. Nxa8 b6 11. d3 Bb7 12. Nxb6 axb6 13. Qf3 Nd4 14.
Qg3 Bd5 15. Bg5 Bxb3 16. Bxe7+ Bxe7 17. Qxe5 Nxc2+ 18. Kf1 Re8 19. Rc1 Bg5
20. Qxd6 Bxc1 21. Qxb6+ Ke7 22. Qxb3 Kf8 23. Qxc2 {Black resigns} 1-0

[Event "GambitGuide"]
[Site "Internet Chess Club"]
[Date "2014.10.31"]
[Round "1"]
[White "JSBach"]
[Black "Horizonteffekt"]
[Result "1-0"]
[ICCResult "Black resigns"]
[WhiteElo "1668"]
[BlackElo "1400"]
[Opening "Vienna: `Frankenstein-Dracula' variation"]
[ECO "C27"]
[NIC "VG.02"]
[Time "07:20:47"]
[TimeControl "120+12"]

1. e4 e5 2. Nc3 Nf6 3. Bc4 Nxe4 4. Qh5 Nd6 5. Bb3 Nc6 6. Nb5 g6 7. Qf3 f5 8.
Qd5 Qe7 9. Nxc7+ Kd8 10. Nxa8 b6 11. d3 Bb7 12. Nxb6 axb6 13. Qf3 Bg7 14.
Be3 Nd4 15. Qh3 Kc7 16. Rc1 e4 17. Qg3 Kb8 18. Bc4 exd3 19. cxd3 Ka7 20. Kf1
Be5 21. f4 Bf6 22. Qf2 Nxc4 23. Rxc4 Nc6 24. Bxb6+ Kb8 25. Bc5 Qe6 26. Ba3
Re8 27. Nf3 Na5 28. Rc1 Qd5 29. Kg1 Qxd3 30. Bb4 Nc4 31. b3 Ne3 32. Ne1 Qe4
33. a3 Bd4 34. Bd6+ Ka8 35. Nf3 Ba7 36. Bc5 Ng4 37. Qd2 Qe2 38. Qa5 Qxg2+
39. Kxg2 Re2+ 40. Kg3 {Black resigns} 1-0

[Event "GambitGuide"]
[Site "Internet Chess Club"]
[Date "2014.10.31"]
[Round "1"]
[White "JSBach"]
[Black "Alturia7"]
[Result "1-0"]
[ICCResult "Black resigns"]
[WhiteElo "1668"]
[BlackElo "2401"]
[Opening "Vienna: `Frankenstein-Dracula' variation"]
[ECO "C27"]
[NIC "VG.02"]
[Time "07:23:23"]
[TimeControl "120+12"]

1. e4 e5 2. Nc3 Nf6 3. Bc4 Nxe4 4. Qh5 Nd6 5. Bb3 Nc6 6. Nb5 g6 7. Qf3 f5 8.
Qd5 Qe7 9. Nxc7+ Kd8 10. Nxa8 b6 11. d3 Bb7 12. Nxb6 axb6 13. Qf3 e4 14. Qe3
exd3 15. cxd3 Nb4 16. Kf1 {Black resigns} 1-0

[Event "GambitGuide"]
[Site "Internet Chess Club"]
[Date "2014.10.31"]
[Round "1"]
[White "JSBach"]
[Black "STOY012"]
[Result "1-0"]
[ICCResult "Black resigns"]
[WhiteElo "1668"]
[BlackElo "1636"]
[Opening "Vienna: `Frankenstein-Dracula' variation"]
[ECO "C27"]
[NIC "VG.02"]
[Time "07:24:01"]
[TimeControl "120+12"]

1. e4 e5 2. Nc3 Nf6 3. Bc4 Nxe4 4. Qh5 Nd6 5. Bb3 Nc6 6. Nb5 g6 7. Qf3 f5 8.
Qd5 Qe7 9. Nxc7+ Kd8 10. Nxa8 b6 11. d3 Bb7 12. Nxb6 axb6 13. Qf3 Nd4 14.
Qg3 h6 15. Qxg6 {Black resigns} 1-0

[Event "GambitGuide"]
[Site "Internet Chess Club"]
[Date "2014.10.31"]
[Round "1"]
[White "JSBach"]
[Black "Horizonteffekt"]
[Result "1-0"]
[ICCResult "Black resigns"]
[WhiteElo "1668"]
[BlackElo "1400"]
[Opening "Vienna: `Frankenstein-Dracula' variation"]
[ECO "C27"]
[NIC "VG.02"]
[Time "07:24:05"]
[TimeControl "120+12"]

1. e4 e5 2. Nc3 Nf6 3. Bc4 Nxe4 4. Qh5 Nd6 5. Bb3 Nc6 6. Nb5 g6 7. Qf3 f5 8.
Qd5 Qe7 9. Nxc7+ Kd8 10. Nxa8 b6 11. d3 Bb7 12. Nxb6 axb6 13. Qf3 Bg7 14.
Be3 Nd4 15. Qh3 Kc7 16. c3 Nc6 17. Bd5 f4 18. Bd2 Nf5 19. Ne2 Qc5 20. Be4
Rf8 21. Qxh7 Ncd4 22. cxd4 Nxd4 23. Nxd4 exd4 24. Rc1 Qxc1+ 25. Bxc1
{Black resigns}
1-0

[Event "GambitGuide"]
[Site "Internet Chess Club"]
[Date "2014.10.31"]
[Round "1"]
[White "JSBach"]
[Black "Fifo25"]
[Result "1-0"]
[ICCResult "Black resigns"]
[WhiteElo "1668"]
[BlackElo "1509"]
[Opening "Vienna: `Frankenstein-Dracula' variation"]
[ECO "C27"]
[NIC "VG.02"]
[Time "07:22:02"]
[TimeControl "120+12"]

1. e4 e5 2. Nc3 Nf6 3. Bc4 Nxe4 4. Qh5 Nd6 5. Bb3 Nc6 6. Nb5 g6 7. Qf3 f5 8.
Qd5 Qe7 9. Nxc7+ Kd8 10. Nxa8 b6 11. d3 Bb7 12. Nxb6 axb6 13. Qf3 Nd4 14.
Qg3 f4 15. Qg4 e4 16. Kf1 e3 17. Bxe3 fxe3 18. Qxd4 Kc7 19. Qxh8 Bg7 20.
Qxh7 exf2 21. Nf3 Bxf3 22. gxf3 Nf5 23. Qxg6 Ne3+ 24. Kxf2 Bd4 25. c3 Qh4+
26. Qg3+ {Black resigns} 1-0

[Event "GambitGuide"]
[Site "Internet Chess Club"]
[Date "2014.10.31"]
[Round "1"]
[White "JSBach"]
[Black "STOY012"]
[Result "1-0"]
[ICCResult "Black resigns"]
[WhiteElo "1668"]
[BlackElo "1636"]
[Opening "Vienna: `Frankenstein-Dracula' variation"]
[ECO "C27"]
[NIC "VG.02"]
[Time "07:24:55"]
[TimeControl "120+12"]

1. e4 e5 2. Nc3 Nf6 3. Bc4 Nxe4 4. Qh5 Nd6 5. Bb3 Nc6 6. Nb5 g6 7. Qf3 f5 8.
Qd5 Qe7 9. Nxc7+ Kd8 10. Nxa8 b6 11. d3 Bb7 12. Nxb6 axb6 13. Qf3 Nd4 14.
Qg3 f4 15. Qg4 N6f5 16. Ne2 Nxe2 17. Kxe2 f3+ 18. gxf3 Nd4+ 19. Kf1 Bxf3 20.
Qg1 Be2+ 21. Kg2 Qh4 22. h3 Bf3+ 23. Kh2 Bxh1 24. Bg5+ Be7 25. Bxh4 Nf3+ 26.
Kxh1 Nxg1 27. Bxe7+ Kxe7 28. Kxg1 Rf8 29. Bd5 Rc8 30. c4 b5 31. cxb5 Rc5 32.
Bc4 d5 33. b4 Rc7 34. Bxd5 Kd6 35. b6 Rc8 36. b7 Rb8 37. Be4 {Black resigns}
1-0

[Event "GambitGuide"]
[Site "Internet Chess Club"]
[Date "2014.10.31"]
[Round "1"]
[White "JSBach"]
[Black "Fifo25"]
[Result "1-0"]
[ICCResult "Black resigns"]
[WhiteElo "1668"]
[BlackElo "1509"]
[Opening "Vienna: `Frankenstein-Dracula' variation"]
[ECO "C27"]
[NIC "VG.02"]
[Time "07:25:48"]
[TimeControl "120+12"]

1. e4 e5 2. Nc3 Nf6 3. Bc4 Nxe4 4. Qh5 Nd6 5. Bb3 Nc6 6. Nb5 g6 7. Qf3 f5 8.
Qd5 Qe7 9. Nxc7+ Kd8 10. Nxa8 b6 11. d3 Bb7 12. Nxb6 axb6 13. Qf3 e4 14.
dxe4 Nd4 15. Qg3 Qe6 16. Bxe6 {Black resigns} 1-0

[Event "GambitGuide"]
[Site "Internet Chess Club"]
[Date "2014.10.31"]
[Round "1"]
[White "JSBach"]
[Black "Alturia7"]
[Result "0-1"]
[ICCResult "White checkmated"]
[WhiteElo "1668"]
[BlackElo "2401"]
[Opening "Vienna: `Frankenstein-Dracula' variation"]
[ECO "C27"]
[NIC "VG.02"]
[Time "07:24:07"]
[TimeControl "120+12"]

1. e4 e5 2. Nc3 Nf6 3. Bc4 Nxe4 4. Qh5 Nd6 5. Bb3 Nc6 6. Nb5 g6 7. Qf3 f5 8.
Qd5 Qe7 9. Nxc7+ Kd8 10. Nxa8 b6 11. d3 e4 12. dxe4 Bb7 13. e5 Nxe5 14. Bg5
Nf3+ 15. Kf1 Nxg5 16. Qd4 Bg7 17. Qa4 Nge4 18. Rd1 Re8 19. Ne2 Nc5 20. Qh4
Qxh4 21. Rxd6 Qe4 22. Rxd7+ Kxd7 23. Nxb6+ axb6 24. Bc4 Qxc4 25. h4 Qxe2+
26. Kg1 Qe1+ 27. Kh2 Qxf2 28. Rd1+ Kc8 29. Rd2 Qxh4+ 30. Kg1 Re1#
{White checkmated}
0-1

[Event "GambitGuide"]
[Site "Internet Chess Club"]
[Date "2014.10.31"]
[Round "1"]
[White "JSBach"]
[Black "superpuma"]
[Result "1-0"]
[ICCResult "Black checkmated"]
[WhiteElo "1668"]
[BlackElo "2046"]
[Opening "Vienna: `Frankenstein-Dracula' variation"]
[ECO "C27"]
[NIC "VG.02"]
[Time "07:26:30"]
[TimeControl "120+12"]

1. e4 e5 2. Nc3 Nf6 3. Bc4 Nxe4 4. Qh5 Nd6 5. Bb3 Nc6 6. Nb5 g6 7. Qf3 f5 8.
Qd5 Qe7 9. Nxc7+ Kd8 10. Nxa8 b6 11. d3 Bb7 12. Nxb6 axb6 13. Qf3 Bg7 14.
Qg3 e4 15. Bg5 Bf6 16. Bxf6 Qxf6 17. Rd1 Qxb2 18. Qxd6 Qc3+ 19. Rd2 Re8 20.
dxe4 Rxe4+ 21. Ne2 Ba6 22. Qxd7# {Black checkmated} 1-0

[Event "GambitGuide"]
[Site "Internet Chess Club"]
[Date "2014.10.31"]
[Round "1"]
[White "JSBach"]
[Black "Alturia7"]
[Result "1-0"]
[ICCResult "Black resigns"]
[WhiteElo "1668"]
[BlackElo "2401"]
[Opening "Vienna: `Frankenstein-Dracula' variation"]
[ECO "C27"]
[NIC "VG.02"]
[Time "07:27:17"]
[TimeControl "120+12"]

1. e4 e5 2. Nc3 Nf6 3. Bc4 Nxe4 4. Qh5 Nd6 5. Bb3 Nc6 6. Nb5 g6 7. Qf3 f5 8.
Qd5 Qe7 9. Nxc7+ Kd8 10. Nxa8 b6 11. d3 Bb7 12. Nxb6 e4 13. Nc4 exd3+ 14.
Be3 {Black resigns} 1-0

[Event "GambitGuide"]
[Site "Internet Chess Club"]
[Date "2014.10.31"]
[Round "1"]
[White "JSBach"]
[Black "Fifo25"]
[Result "1-0"]
[ICCResult "Black resigns"]
[WhiteElo "1668"]
[BlackElo "1509"]
[Opening "Vienna: `Frankenstein-Dracula' variation"]
[ECO "C27"]
[NIC "VG.02"]
[Time "07:26:21"]
[TimeControl "120+12"]

1. e4 e5 2. Nc3 Nf6 3. Bc4 Nxe4 4. Qh5 Nd6 5. Bb3 Nc6 6. Nb5 g6 7. Qf3 f5 8.
Qd5 Qe7 9. Nxc7+ Kd8 10. Nxa8 b6 11. d3 Bb7 12. Nxb6 axb6 13. Qf3 e4 14.
dxe4 Nd4 15. Qd3 Nxe4 16. Qxd4 Ng3+ 17. Be3 Nxh1 18. Qxh8 {Black resigns}
1-0

[Event "GambitGuide"]
[Site "Internet Chess Club"]
[Date "2014.10.31"]
[Round "1"]
[White "JSBach"]
[Black "Alturia7"]
[Result "1-0"]
[ICCResult "Black resigns"]
[WhiteElo "1678"]
[BlackElo "2401"]
[Opening "Vienna: `Frankenstein-Dracula' variation"]
[ECO "C27"]
[NIC "VG.02"]
[Time "07:27:29"]
[TimeControl "120+12"]

1. e4 e5 2. Nc3 Nf6 3. Bc4 Nxe4 4. Qh5 Nd6 5. Bb3 Nc6 6. Nb5 g6 7. Qf3 f5 8.
Qd5 Qe7 9. Nxc7+ Kd8 10. Nxa8 b6 11. d3 e4 12. dxe4 Bb7 13. e5 Nxe5 14. Bg5
Nf3+ 15. Kf1 Nxg5 16. Qd4 Bg7 17. Qa4 Nge4 18. Rd1 Re8 19. Ne2 Nc5 20. Qh4
Qxh4 21. Rxd6 {Black resigns} 1-0

[Event "GambitGuide"]
[Site "Internet Chess Club"]
[Date "2014.10.31"]
[Round "1"]
[White "JSBach"]
[Black "STOY012"]
[Result "1-0"]
[ICCResult "Black resigns"]
[WhiteElo "1655"]
[BlackElo "1636"]
[Opening "Vienna: `Frankenstein-Dracula' variation"]
[ECO "C27"]
[NIC "VG.02"]
[Time "07:27:24"]
[TimeControl "120+12"]

1. e4 e5 2. Nc3 Nf6 3. Bc4 Nxe4 4. Qh5 Nd6 5. Bb3 Nc6 6. Nb5 g6 7. Qf3 f5 8.
Qd5 Qe7 9. Nxc7+ Kd8 10. Nxa8 b6 11. d3 Bb7 12. Nxb6 axb6 13. Qf3 Nd4 14.
Qh3 h6 15. Be3 N6b5 16. a4 Nxb3 17. cxb3 Nd4 18. Rc1 Nxb3 19. Bxb6+ Ke8 20.
Rc4 Nd4 21. Bxd4 exd4+ 22. Ne2 Qe5 23. Rxd4 Bc5 24. f4 Qe7 25. Rc4 Bb4+ 26.
Kf2 Bc5+ 27. d4 Bb6 28. Qg3 Ba6 29. Qxg6+ Qf7 30. Qxf7+ Kxf7 31. Rb4 Bxe2
32. Rxb6 Ra8 33. Kxe2 Rxa4 34. Rb5 Rxd4 35. Rxf5+ Ke6 36. Re5+ Kf6 37. Ke3
Rb4 38. Rb1 Rb3+ 39. Ke4 Rb4+ 40. Kf3 Rb3+ 41. Re3 {Black resigns} 1-0

[Event "GambitGuide"]
[Site "Internet Chess Club"]
[Date "2014.10.31"]
[Round "1"]
[White "JSBach"]
[Black "Alturia7"]
[Result "1-0"]
[ICCResult "Black resigns"]
[WhiteElo "1655"]
[BlackElo "2401"]
[Opening "Vienna: `Frankenstein-Dracula' variation"]
[ECO "C27"]
[NIC "VG.02"]
[Time "07:28:11"]
[TimeControl "120+12"]

1. e4 e5 2. Nc3 Nf6 3. Bc4 Nxe4 4. Qh5 Nd6 5. Bb3 Nc6 6. Nb5 g6 7. Qf3 f5 8.
Qd5 Qe7 9. Nxc7+ Kd8 10. Nxa8 b6 11. d3 e4 12. dxe4 Bb7 13. e5 {Black
resigns} 1-0

[Event "GambitGuide"]
[Site "Internet Chess Club"]
[Date "2014.10.31"]
[Round "1"]
[White "JSBach"]
[Black "alexbozhenoff"]
[Result "1-0"]
[ICCResult "Black checkmated"]
[WhiteElo "1655"]
[BlackElo "1671"]
[Opening "Vienna: `Frankenstein-Dracula' variation"]
[ECO "C27"]
[NIC "VG.02"]
[Time "07:28:41"]
[TimeControl "120+12"]

1. e4 e5 2. Nc3 Nf6 3. Bc4 Nxe4 4. Qh5 Nd6 5. Bb3 Nc6 6. Nb5 g6 7. Qf3 f5 8.
Qd5 Qe7 9. Nxc7+ Kd8 10. Nxa8 b6 11. d3 Bb7 12. Nxb6 axb6 13. Qf3 Na5 14.
Qe3 Nxb3 15. Qxb6+ Kc8 16. axb3 f4 17. Ra7 Bg7 18. b4 Nf5 19. Qxb7+ Kd8 20.
Qb8# {Black checkmated} 1-0

[Event "GambitGuide"]
[Site "Internet Chess Club"]
[Date "2014.10.31"]
[Round "1"]
[White "JSBach"]
[Black "STOY012"]
[Result "1-0"]
[ICCResult "Black resigns"]
[WhiteElo "1655"]
[BlackElo "1636"]
[Opening "Vienna: `Frankenstein-Dracula' variation"]
[ECO "C27"]
[NIC "VG.02"]
[Time "07:28:38"]
[TimeControl "120+12"]

1. e4 e5 2. Nc3 Nf6 3. Bc4 Nxe4 4. Qh5 Nd6 5. Bb3 Nc6 6. Nb5 g6 7. Qf3 f5 8.
Qd5 Qe7 9. Nxc7+ Kd8 10. Nxa8 b6 11. d3 Bb7 12. Nxb6 axb6 13. Qf3 Nd4 14.
Qg3 f4 15. Qg4 N6f5 16. Ne2 Nxe2 17. Kxe2 f3+ 18. gxf3 Nd4+ 19. Ke1 Nxf3+
20. Kd1 Nd4 21. Bg5 Bf3+ 22. Qxf3 Nxf3 23. Bxe7+ Bxe7 24. Bd5 Nd4 25. Re1 d6
26. Rc1 Bg5 27. Rb1 Rf8 28. Rf1 Bh4 29. c3 Nb5 30. Ke2 Nc7 31. Bc6 Ke7 32.
b3 Ne6 33. Rbc1 Nf4+ 34. Ke3 Bg5 35. Rc2 Nh3+ 36. Ke4 Bh4 37. f3 Ng5+ 38.
Ke3 Ne6 39. d4 Bg5+ 40. Kd3 exd4 41. cxd4 Nf4+ 42. Ke4 d5+ 43. Bxd5 Kd6 44.
Bc6 Rf7 45. d5 Re7+ 46. Kd4 Ne2+ 47. Kc4 Nf4 48. a4 Rc7 49. Rd1 Nh5 50. Re1
Nf4 51. Rd2 Nxd5 52. Rxd5+ Kxc6 53. Rxg5 Kd6+ 54. Kb5 Rc5+ 55. Rxc5 bxc5 56.
a5 {Black resigns} 1-0

[Event "GambitGuide"]
[Site "Internet Chess Club"]
[Date "2014.10.31"]
[Round "1"]
[White "JSBach"]
[Black "MishaVB"]
[Result "0-1"]
[ICCResult "White checkmated"]
[WhiteElo "1655"]
[BlackElo "1368"]
[Opening "Vienna: `Frankenstein-Dracula' variation"]
[ECO "C27"]
[NIC "VG.02"]
[Time "07:25:37"]
[TimeControl "120+12"]

1. e4 e5 2. Nc3 Nf6 3. Bc4 Nxe4 4. Qh5 Nd6 5. Bb3 Nc6 6. Nb5 g6 7. Qf3 f5 8.
Qd5 Qe7 9. Nxc7+ Kd8 10. Nxa8 b6 11. d3 Bb7 12. Nxb6 axb6 13. Qf3 Nd4 14.
Qh3 e4 15. Be3 Bg7 16. dxe4 Nxe4 17. c3 Nxc3 18. Rc1 Nxb3 19. axb3 Nd5 20.
Qg3 f4 21. Qg4 fxe3 22. Nf3 exf2+ 23. Kxf2 Qe3+ 24. Kg3 Be5+ 25. Kh3 Nf4+
26. Kh4 Bxf3 27. Qg5+ Ke8 28. Rc8+ Kf7 29. gxf3 Bf6 30. Qxf6+ Kxf6 31. Rxh8
Qf2+ 32. Kg4 Nh5 33. Rf8+ Ke7 34. Rd1 Qg2+ 35. Kh4 Qxh2+ 36. Kg5 Qg3+ 37.
Kh6 Nf6 38. Rc8 Qh4+ 39. Kg7 Nh5+ 40. Kxh7 Nf4+ 41. Kg8 Qf6 42. Rc7 Qf7+ 43.
Kh8 Qe6 44. Rcxd7+ Qxd7 45. Rxd7+ Kxd7 46. b4 Ke6 47. Kh7 Kf5 48. b5 Nd3 49.
Kg7 Nxb2 50. Kg8 Nc4 51. Kf8 Nd2 52. Ke7 Nxf3 53. Kd6 Nd4 54. Kd5 Nxb5 55.
Kc6 g5 56. Kxb6 g4 57. Kxb5 g3 58. Kc6 g2 59. Kd6 g1=Q 60. Kd5 Qd1+ 61. Kc4
Qd2 62. Kc5 Ke5 63. Kc6 Qd4 64. Kc7 Qd5 65. Kb6 Kd6 66. Ka6 Qb3 67. Ka5 Kc6
68. Ka6 Qa3# {White checkmated} 0-1

[Event "GambitGuide"]
[Site "Internet Chess Club"]
[Date "2014.10.31"]
[Round "1"]
[White "JSBach"]
[Black "STOY012"]
[Result "0-1"]
[ICCResult "White checkmated"]
[WhiteElo "1667"]
[BlackElo "1636"]
[Opening "Vienna: `Frankenstein-Dracula' variation"]
[ECO "C27"]
[NIC "VG.02"]
[Time "07:30:41"]
[TimeControl "120+12"]

1. e4 e5 2. Nc3 Nf6 3. Bc4 Nxe4 4. Qh5 Nd6 5. Bb3 Nc6 6. Nb5 g6 7. Qf3 f5 8.
Qd5 Qe7 9. Nxc7+ Kd8 10. Nxa8 b6 11. d3 Bb7 12. Nxb6 axb6 13. Qf3 Nd4 14.
Qg3 f4 15. Qg4 N6f5 16. Ne2 Nxe2 17. Kxe2 f3+ 18. gxf3 Nd4+ 19. Kf1 Bxf3 20.
Qg1 Be2+ 21. Kg2 Nf3 22. Be3 Nxg1 23. Bxb6+ Ke8 24. Raxg1 Qg5+ 25. Kh3 Qh5+
26. Kg2 Qg4# {White checkmated} 0-1

[Event "GambitGuide"]
[Site "Internet Chess Club"]
[Date "2014.10.31"]
[Round "1"]
[White "JSBach"]
[Black "superpuma"]
[Result "1-0"]
[ICCResult "Black resigns"]
[WhiteElo "1667"]
[BlackElo "2046"]
[Opening "Vienna: `Frankenstein-Dracula' variation"]
[ECO "C27"]
[NIC "VG.02"]
[Time "07:28:45"]
[TimeControl "120+12"]

1. e4 e5 2. Nc3 Nf6 3. Bc4 Nxe4 4. Qh5 Nd6 5. Bb3 Nc6 6. Nb5 g6 7. Qf3 f5 8.
Qd5 Qe7 9. Nxc7+ Kd8 10. Nxa8 b6 11. d3 Bb7 12. Nxb6 axb6 13. Qf3 Bg7 14.
Qh3 e4 15. Ne2 exd3 16. Qxd3 Re8 17. Be3 Kc7 18. O-O-O Ne4 19. Qb5 Nc5 20.
Rhe1 Qf6 21. Nc3 Na7 22. Bf4+ Kd8 23. Rxe8+ Kxe8 24. Qc4 d5 25. Qe2+ Kf7 26.
Bxd5+ Bxd5 27. Rxd5 Nc6 28. Rd6 Qh4 29. Qc4+ Kf8 30. Rxc6 {Black resigns}
1-0

[Event "GambitGuide"]
[Site "Internet Chess Club"]
[Date "2014.10.31"]
[Round "1"]
[White "JSBach"]
[Black "alexbozhenoff"]
[Result "1-0"]
[ICCResult "Black checkmated"]
[WhiteElo "1667"]
[BlackElo "1671"]
[Opening "Vienna: `Frankenstein-Dracula' variation"]
[ECO "C27"]
[NIC "VG.02"]
[Time "07:29:45"]
[TimeControl "120+12"]

1. e4 e5 2. Nc3 Nf6 3. Bc4 Nxe4 4. Qh5 Nd6 5. Bb3 Nc6 6. Nb5 g6 7. Qf3 f5 8.
Qd5 Qe7 9. Nxc7+ Kd8 10. Nxa8 b6 11. d3 Bg7 12. h4 Qe6 13. Bg5+ Ne7 14. Qxe6
dxe6 15. Nc7 Kxc7 16. Bxe7 Bb7 17. Rh2 h6 18. Bxe6 e4 19. dxe4 Bxe4 20.
O-O-O Nb5 21. Rd7+ Kc6 22. f3 Bxc2 23. Kxc2 Nd4+ 24. Kd3 Re8 25. h5 g5 26.
g3 Be5 27. Rxd4 Bxd4 28. Kxd4 Rxe7 29. Rc2+ Kd6 30. Bxf5 Re1 31. Ne2 Ra1 32.
Nc3 a6 33. Ne4+ Ke7 34. Rc6 b5 35. Rxh6 Rxa2 36. Re6+ Kf7 37. Nxg5+ Kg7 38.
h6+ Kf8 39. Re8+ Kxe8 40. h7 Ke7 41. h8=Q Rxb2 42. Qg7+ Kd6 43. Qd7#
{Black checkmated}
1-0